 Seeded DCSS version 0.30.1-11-g7821555f0a (webtiles) character file.

Game seed: 12756009894327649987 (custom seed)

14 Psyclone the Conjurer (level 2, 15/15 HPs)
             Began as a Deep Elf Conjurer on Nov 6, 2023.
             Was an Initiate of Gozag.
             Quit the game on level 1 of the Dungeon.
             The game lasted 00:01:42 (608 turns).

Psyclone the Conjurer (Deep Elf Conjurer)            Turns: 608, Time: 00:01:43

Health: 15/15      AC:  2    Str:  4    XL:     2   Next: 27%
Magic:  8/8        EV: 12    Int: 22    God:    Gozag
Gold:   109        SH:  0    Dex: 13    Spells: 6/7 levels left

rFire   . . .        (no weapon)
rCold   . . .        (no shield)
rNeg    . . .        a - +0 robe
rPois   .            (no helmet)
rElec   .            (no cloak)
rCorr   .            (no gloves)
SInv    .            (no boots)
Will    .....        (no amulet)
Stlth   ++           (no ring)
HPRegen 0.22/turn    (no ring)
MPRegen 0.11/turn

%: no passive effects
@: no status effects
A: no striking features
a: Renounce Religion, Potion Petition, Call Merchant, Bribe Branch


You were on level 1 of the Dungeon.
You worshipped Gozag.
Gozag was aware of your devotion.
You visited 1 branch of the dungeon, and saw 1 of its levels.

You collected 109 gold pieces.

Inventory:

Armour
 a - a +0 robe (worn)
Jewellery
 f - an amulet of guardian spirit
 g - a ring of positive energy
 h - a ring of flight
Scrolls
 d - 2 scrolls of identify {unknown}
 e - a scroll of blinking {unknown}
 i - a scroll of noise {unknown}
 j - a scroll of magic mapping {unknown}
Potions
 b - a potion of magic
 c - a potion of might {unknown}


   Skills:
 + Level 2.7 Dodging
 + Level 2.9 Stealth
 + Level 3.3 Spellcasting
 + Level 4.5 Conjurations


You had 6 spell levels left.
You knew the following spells:

 Your Spells              Type           Power      Damage    Failure   Level
a - Magic Dart            Conj           92%        1d7       1%          1

Your spell library contained the following spells:

 Spells                   Type           Power      Damage    Failure   Level
 Searing Ray              Conj           46%        2d6       2%          2
 Dazzling Flash           Conj/Hex       26%        N/A       14%         3
 Fulminant Prism          Conj/Hex       6%         3d7       43%         4
 Iskenderun's Mystic Bla  Conj/Tloc      13%        2d5       43%         4


Dungeon Overview and Level Annotations

Branches:
Dungeon (1/15) Zot: 5392

Altars:
Gozag


Message History

Key pressed, stopping explore.
You see here a +0 hand axe.
Key pressed, stopping explore.
Key pressed, stopping explore.
i - a scroll labelled KUMNAEKEYL You see here a +0 club.
A goblin comes into view. It is wielding a +0 club.
Unknown command.
Casting: Magic Dart (safe; 1% risk of failure)
Confirm with . or Enter, or press ? or * to list all spells.
Aiming: Magic Dart (safe; 1% risk of failure)
Press: ? - help, Shift-Dir - straight line, f - goblin
Aim: a goblin, wielding a +0 club (asleep, 100% to hit)
The magic dart hits the goblin.
You kill the goblin!
You now have 7/8 mp.
Casting: Magic Dart (safe; 1% risk of failure)
Confirm with . or Enter, or press ? or * to list all spells.
You can't see any susceptible monsters within range! (Use Z to cast anyway.) Unknown command.
Casting: Magic Dart (safe; 1% risk of failure)
Confirm with . or Enter, or press ? or * to list all spells.
You can't see any susceptible monsters within range! (Use Z to cast anyway.) Unknown command.
Casting: Magic Dart (safe; 1% risk of failure)
Confirm with . or Enter, or press ? or * to list all spells.
You can't see any susceptible monsters within range! (Use Z to cast anyway.) Unknown command.
Casting: Magic Dart (safe; 1% risk of failure)
Confirm with . or Enter, or press ? or * to list all spells.
You can't see any susceptible monsters within range! (Use Z to cast anyway.)
Found an escape hatch in the floor.
MP restored: 8
j - a scroll labelled WYERAK DOIM You now have 109 gold pieces (gained 7).
You see here a +0 club.
Found a ring mail.
Unknown command.
Unknown command.
Are you sure you want to abandon this character and quit the game? (Confirm with "yes".)

.........
..####### .[.
.....# ... .###.#
#.# .##..# #.#
.##.## #.#
.##.############.#
...............#.#
##..##########.#@#
.............#.#.#
##.#########.#.#.#
##.# #.#.#.# #..#
###.#.#.# #.##
#.>...#.# #.#
#..)#.#.#
#.##############.#
.................#


There were no monsters in sight!

Vanquished Creatures
  A ball python (D:1)
  A bat (D:1)
  An endoplasm (D:1)
  A giant cockroach (D:1)
  2 hobgoblins (D:1)
  3 quokkas (D:1)
  A frilled lizard (D:1)
  A goblin (D:1)
11 creatures vanquished.

Notes
Turn   | Place    | Note
-------+----------+-------------------------------------------
     0 | D:1      | Psyclone the Deep Elf Conjurer began the quest for the Orb.
     0 | D:1      | Reached XP level 1. HP: 10/10 MP: 6/6
    53 | D:1      | Found a faded altar of an unknown god.
    76 | D:1      | Prayed at the altar of an unknown god.
    76 | D:1      | Became a worshipper of Gozag Ym Sagoz the Greedy
   249 | D:1      | Reached XP level 2. HP: 15/15 MP: 0/8
   608 | D:1      | Quit the game

Illustrated notes

Levels and vault maps discovered:
D:1:      dpeg_arrival_pits, layout_basic, ebering_ecumenical_altar_box

Action                     || total
---------------------------++-------
   Cast: Magic Dart        ||    17
  Dodge: Dodged            ||     1
